 Dungeon Crawl Stone Soup version 0.31-a0-232-gb1c03b2570 (webtiles) character file.

Game seed: 11704934939548687572

132 qw the Shooter (level 4, 0/36 HPs)
             Began as a Minotaur Hexslinger on July 7, 2023.
             Slain by an orc priest
             ... wielding a +0 whip
              (2 damage)
             ... on level 4 of the Dungeon.
             The game lasted 00:00:54 (2302 turns).

qw the Shooter (Minotaur Hexslinger)                Turns: 2302, Time: 00:00:55

Health: 0/36       AC:  7    Str: 11 (13) XL:     4   Next: 92%
Magic:  4/4        EV: 10    Int:  9 (10) God:
Gold:   18         SH:  0    Dex: 13 (14) Spells: 4/5 levels left

rFire   . . .        Y - +1 sling
rCold   . . .        (no shield)
rNeg    . . .        h - +0 ring mail
rPois   .            (helmet restricted)
rElec   .            f - +0 cloak
rCorr   .            (no gloves)
SInv    +            k - +0 pair of boots
Will    .....        (no amulet)
Stlth   +            c - ring of see invisible
HPRegen 0.26/turn    (no ring)
MPRegen 0.09/turn

%: no passive effects
@: about to teleport
A: horns 2, retaliatory headbutt
a: no special abilities


You were on level 4 of the Dungeon.
You visited 1 branch of the dungeon, and saw 4 of its levels.

You collected 122 gold pieces.
You spent 104 gold pieces at shops.


Innate Abilities, Weirdness & Mutations

You have a pair of horns on your head.
You reflexively headbutt those who attack you in melee.


   Skills:
 - Level 2.0 Fighting
 + Level 4.9 Ranged Weapons
 - Level 2.3 Armour
 - Level 2.1 Dodging
 - Level 1.0 Spellcasting
 - Level 2.0 Hexes


You had 4 spell levels left.
You knew the following spells:

 Your Spells              Type           Power      Damage    Failure   Level
a - Slow                  Hex            16%        N/A       36%         1

Your spell library contained the following spells:

 Spells                   Type           Power      Damage    Failure   Level
 Inner Flame              Hex/Fire       2%         N/A       86%         3
 Portal Projectile        Hex/Tloc       4%         N/A       86%         3
 Cause Fear               Hex            2%         N/A       98%         4

Inventory:

Hand Weapons
 Y - a +1 sling (weapon)
Armour
 f - a +0 cloak (worn)
 h - a +0 ring mail (worn)
 k - a +0 pair of boots (worn)
Jewellery
 c - a ring of see invisible (left hand)
Scrolls
 a - a scroll of identify
Potions
 b - a potion of mutation
 e - a potion of curing
 g - 4 potions of might
 i - a potion of attraction {unknown}
 j - a potion of brilliance {unknown}

Dungeon Overview and Level Annotations

Branches:
Dungeon (4/15)
 Temple: D:4-7

Altars:
Xom

Shops:
D:4 !


Message History

The sling bullet closely misses the orc.
The sling bullet hits the orc priest but does no damage.
The orc priest mumbles some strange prayers to Beogh against you.
Beogh smites you! The hobgoblin hits you.
You shoot a sling bullet.
The sling bullet barely misses the hobgoblin.
The sling bullet hits the orc.
The orc is heavily wounded.
The orc priest casts a cantrip, but nothing happens.
The hobgoblin hits you but does no damage.
You shoot a sling bullet. The sling bullet hits the hobgoblin.
You kill the hobgoblin!
You shoot a sling bullet. The sling bullet hits the orc!
The orc is almost dead.
The orc hits you with a +0 club.
You shoot a sling bullet. The sling bullet hits the orc.
You kill the orc!
You feel your strength returning.
You shoot a sling bullet.
The sling bullet hits the orc but does no damage.
The orc is moderately wounded.
The orc hits you but does no damage. The orc closely misses you.
You furiously retaliate!
You headbutt the orc.
You kill the orc!
You shoot a sling bullet. The sling bullet hits the orc priest.
The orc priest is heavily wounded.
You shoot a sling bullet. The sling bullet hits the orc priest.
The orc priest is severely wounded.
The orc priest mumbles some strange prayers to Beogh against you.
Beogh smites you!
You shoot a sling bullet. The sling bullet hits the orc priest.
The orc priest is almost dead.
The orc priest closely misses you.
The orc priest mumbles some strange prayers to Beogh against you.
Beogh smites you!
2302 ||| READING scroll of teleportation.
As you read the scroll of teleportation, it crumbles to dust.
You feel strangely unstable. The orc priest hits you with a +0 whip.
You die...

##################
.........\.......#
.##.############.#
.#...## #@#
......# #o#
.#...## #.# ###.##
..# #.# ..# #.#
..). ##'## ....
##...## .....
#...>.##


You could see an orc priest.

Vanquished Creatures
  A hound (D:2)
  Robin (D:3)
  2 adders
  A dart slug (D:1)
  7 orcs (D:4)
  2 ball pythons (D:1)
  3 endoplasms
  2 giant cockroaches
  10 hobgoblins
  2 jackals (D:1)
  A quokka (D:1)
  4 bats
  5 frilled lizards
  10 goblins
  8 kobolds
  3 rats
62 creatures vanquished.

Notes
Turn   | Place    | Note
-------+----------+-------------------------------------------
     0 | D:1      | qw the Minotaur Hexslinger began the quest for the Orb.
     0 | D:1      | Reached XP level 1. HP: 16/16 MP: 1/1
     0 | D:1      | 0 ||| qw: Version: 0.3-a-46-gb1f654a
     0 | D:1      | 0 ||| qw: Game counter: 2755
     0 | D:1      | 0 ||| qw: Melee chars always use a shield: true
     0 | D:1      | 0 ||| qw: God list: Okawaru
     0 | D:1      | 0 ||| qw: Allow faded altars: false
     0 | D:1      | 0 ||| qw: Do Orc after clearing Dungeon:15 true
     0 | D:1      | 0 ||| qw: Do second Lair branch before Depths: true
     0 | D:1      | 0 ||| qw: Lair rune preference: random
     0 | D:1      | 0 ||| qw: Goals: Normal
     0 | D:1      | 0 ||| PLANNING D:1-11
    57 | D:1      | Reached skill level 3 in Ranged Weapons
    57 | D:1      | Reached XP level 2. HP: 23/23 MP: 2/2
   202 | D:1      | HP: 6/24 [dart slug/slug dart (4)]
   369 | D:1      | Reached XP level 3. HP: 29/29 MP: 3/3
   485 | D:1      | 485 ||| UPGRADING to +0 cloak.
   490 | D:1      | 490 ||| UPGRADING to +0 ring mail.
   500 | D:1      | 500 ||| DROPPING +0 robe.
   501 | D:1      | 501 ||| READING 3 scrolls labelled POISE AWOTESMI.
   502 | D:1      | 502 ||| READING scroll labelled JUKHOA KIHE.
   555 | D:1      | 555 ||| READING scroll labelled LOISTOA BIMOGU.
   556 | D:1      | 556 ||| DRINKING 2 sedimented inky potions.
   557 | D:1      | 557 ||| DROPPING scroll of poison.
   587 | D:2      | 587 ||| STAIRDANCE
   655 | D:2      | Reached skill level 4 in Ranged Weapons
   932 | D:2      | Reached XP level 4. HP: 35/36 MP: 4/4
  1294 | D:2      | 1294 ||| UPGRADING to ring of see invisible.
  1295 | D:2      | 1295 ||| READING scroll labelled BIWNELIOTS.
  1296 | D:2      | 1296 ||| READING scroll labelled TEMALI MOPTU.
  1299 | D:2      | 1299 ||| DRINKING 2 glowing puce potions.
  1300 | D:2      | 1300 ||| READING 2 scrolls of identify.
  1300 | D:2      | 1300 ||| IDENTIFYING puce potion
  1301 | D:2      | 1301 ||| DROPPING potion of lignification.
  1302 | D:2      | 1302 ||| DROPPING potion of degeneration.
  1326 | D:3      | Noticed Robin
  1337 | D:3      | HP: 7/36 [hobgoblin[Robin] (5)]
  1338 | D:3      | Killed Robin
  1468 | D:3      | Found a shimmering altar of Xom.
  2175 | D:3      | Found a faded altar of an unknown god.
  2182 | D:3      | 2182 ||| UPGRADING to +0 pair of boots.
  2187 | D:3      | 2187 ||| READING 3 scrolls of identify.
  2187 | D:3      | 2187 ||| IDENTIFYING black potion
  2188 | D:3      | 2188 ||| READING 2 scrolls of identify.
  2188 | D:3      | 2188 ||| IDENTIFYING murky puce potion
  2261 | D:4      | Found Hedipeve's Distillery.
  2268 | D:4      | 2268 ||| SHOPLISTING 2 potions of cancellation (208 gold,
                  | have 122).
  2268 | D:4      | 2268 ||| BUYING 2 potions of might (104 gold).
  2268 | D:4      | Bought 2 potions of might for 104 gold pieces
  2268 | D:4      | 2268 ||| SHOPLISTING potion of curing (39 gold, have 18).
  2268 | D:4      | 2268 ||| SHOPLISTING potion of haste (130 gold, have 18).
  2301 | D:4      | HP: 2/36 [orc priest/divine providence (10)]
  2302 | D:4      | 2302 ||| READING scroll of teleportation.
  2302 | D:4      | Slain by an orc priest

Levels and vault maps discovered:
D:1:      dpeg_arrival_shelter, layout_rooms
D:2:      layout_loops_ring
D:3:      layout_loops_ring, mainiacjoe_overflow_small_starburst,
          shapermc_ecumenical_altar_pompeii, chequers_serial_rivers_marsh,
          uniq_robin
D:4:      cheibrodos_pilgrimage, layout_loops_corners, serial_shops, shop

Skill      XL: |  1  2  3 |
---------------+----------+-----
Ranged Weapons | 3 4 |  4.9
Fighting       | 2 |  2.0
Armour         | 2 |  2.3
Dodging        | |  2.1
Spellcasting   | |  1.0
Hexes          | |  2.0

Action                     |  1- 3 |  4- 6 || total
---------------------------+-------+-------++-------
   Fire: Sling             |   103 |    94 ||   197
    Use: Scroll            |     3 |     6 ||     9
         Potion            |     1 |     1 ||     2
 Armour: Robe              |     2 |       ||     2
         Ring mail         |    11 |    21 ||    32
  Dodge: Dodged            |    37 |    42 ||    79

Table legend:
 A = Non-vault XP
 B = Vault XP
 C = Vault XP percentage of total XP
 D = Non-vault monster count
 E = Vault monster count
 F = Vault count percentage of total count
                 A         B        C        D         E       F
            +---------+---------+-------+---------+---------+-------
      Total |     164 |      25 |  13.2 |      56 |       6 |   9.7
            +---------+---------+-------+---------+---------+-------
        D:1 |      57 |       0 |   0.0 |      27 |       0 |   0.0
        D:2 |      62 |       0 |   0.0 |      13 |       0 |   0.0
        D:3 |      21 |      25 |  54.3 |       7 |       6 |  46.2
        D:4 |      24 |       0 |   0.0 |       9 |       0 |   0.0
            +---------+---------+-------+---------+---------+-------
